 Dungeon Crawl Stone Soup version 0.30-a0-715-gdb4ae3ece1 (webtiles) character file.

Game seed: 2306351933847969128

20149 demibob the Severer (level 12, -4/103 HPs)
             Began as a Hill Orc Fighter on Jan 24, 2023.
             Was an Elder of Qazlal.
             Slain by Snorg (8 damage)
             ... on level 3 of the Lair of Beasts.
             The game lasted 00:16:20 (12714 turns).

demibob the Severer (Hill Orc Fighter)             Turns: 12714, Time: 00:16:20

Health: -4/103     AC: 14    Str: 24    XL:     12   Next: 76%
Magic:  0/12       EV:  5    Int:  8    God:    Qazlal [****..]
Gold:   781        SH:  5    Dex: 10    Spells: 11/11 levels left

rFire   . . .      SeeInvis .    b - +0 battleaxe (spect)
rCold   + . .      Faith    .    (shield currently unavailable)
rNeg    . . .      Spirit   +    y - +0 scale mail
rPois   +          Reflect  .    f - +0 helmet
rElec   .          Harm     .    r - +2 cloak {rPois}
rCorr   .          Rampage  .    (no gloves)
Will    .....                    (no boots) Stlth
                                 v - amulet of guardian spirit
HPRegen 0.37/turn                Y - +4 ring of slaying
MPRegen 0.13/turn                C - ring of protection from cold

@: petrifying, repel missiles, very slow
A: no striking features
a: Renounce Religion, Upheaval, Elemental Force


You were on level 3 of the Lair of Beasts.
You worshipped Qazlal.
Qazlal was greatly pleased with you.
You visited 3 branches of the dungeon, and saw 15 of its levels.

You collected 781 gold pieces.


   Skills:
 + Level 8.3 Fighting
 - Level 20.0 Axes
 + Level 13.6 Armour
 - Level 3.2 Shields


You had 11 spell levels left.
You didn't know any spells.
Your spell library contained the following spells:

 Spells                   Type           Power      Damage    Failure   Level
 Summon Small Mammal      Summ           0%         N/A       63%         1
 Static Discharge         Conj/Air       0%         2-2/arc   77%         2
 Sublimation of Blood     Necr           0%         N/A       77%         2
 Wereblood                Tmut           0%         N/A       77%         2
 Call Canine Familiar     Summ           0%         N/A       94%         3
 Summon Guardian Golem    Hex/Summ       0%         N/A       94%         3
 Tukima's Dance           Hex            0%         N/A       94%         3
 Vhi's Electric Charge    Tloc/Air       0%         N/A       94%         3
 Passage of Golubria      Tloc           0%         N/A       100%        4
 Arcjolt                  Conj/Air       0%         1d10      100%        5
 Lightning Bolt           Conj/Air       0%         1d11      100%        5
 Silence                  Hex/Air        0%         N/A       100%        5
 Yara's Violent Unravell  Hex/Tmut       0%         3d3       100%        5
 Summon Hydra             Summ           0%         N/A       100%        7
 Lehudib's Crystal Spear  Conj/Erth      0%         10d2      100%        8

Inventory:

Hand Weapons
 a - a +1 war axe of draining
 b - a +0 spectral battleaxe (weapon)
Armour
 f - a +0 helmet (worn)
 r - a +2 cloak of poison resistance (worn)
 y - a +0 scale mail (worn)
Magical Staves
 t - a staff of cold {!a}
Jewellery
 i - an amulet of magic regeneration
 v - an amulet of guardian spirit (around neck)
 C - a ring of protection from cold (right hand)
 D - a +6 ring of dexterity
 F - a ring of fire
 P - a ring of poison resistance
 W - a ring of willpower
 Y - a +4 ring of slaying (left hand)
 Z - a ring of wizardry
Wands
 g - a wand of flame (37)
 p - a wand of mindburst (6)
 A - a wand of polymorph (18)
Scrolls
 d - a scroll of poison
 e - 6 scrolls of identify {@r1}
 h - 2 scrolls of enchant armour
 j - 5 scrolls of fog
 k - a scroll of teleportation {@r2}
 n - 2 scrolls of fear
Potions
 c - a potion of mutation
 l - a potion of flight
 m - 2 potions of ambrosia
 o - 4 potions of curing {@q1}
 s - a potion of brilliance
 u - a potion of cancellation
 z - 2 potions of magic

Dungeon Overview and Level Annotations

Branches:
Dungeon (11/15)            Temple (1/1) D:6            Lair (3/5) D:10
  Swamp (0/4) Lair:2
  Snake: Lair:2-3    Spider: Lair:2-3       Orc: D:9-12

Altars:
Ashenzari
Cheibriados
Dithmenos
Elyvilon
Fedhas
Gozag
Hepliaklqana
Kikubaaqudgha
Makhleb
Nemelex Xobeh
Okawaru
Qazlal
Ru
Sif Muna
Trog
Uskayaw
Vehumet
Wu Jian
Xom
Yredelemnul
Zin
The Shining One

Annotations:
D:8 2 transporters, garrulousMonolith's ghost, journeyman MiFi
D:11 Amaemon
Lair:3 Snorg

#..........P ##
##..........# P..▒
#..........P##...▒
##...............▒
#................▒
###...☼○.°........▒▒▒▒
......l§§............#
.!...PT@§§?l........##
.....#.§.............##
....................#.##
.........##.............
..........#.............
.....#######............
..##P ##..#...........
.. ## #...............
#........<.......


You could see Snorg (berserk), a komodo dragon (fleeing) and a basilisk
(fleeing).


Message History

* * * LOW HITPOINT WARNING * * *
Snorg claws you!
* * * LOW HITPOINT WARNING * * *
Snorg barely misses you.
You closely miss Snorg.
Snorg is almost dead.
Your +0 spectral battleaxe hits Snorg!
Snorg bites you.
* * * LOW HITPOINT WARNING * * *
Snorg closely misses you. You block Snorg's attack.
You completely miss Snorg.
Snorg is almost dead.
Your +0 spectral battleaxe hits Snorg.
Snorg bites you!
* * * LOW HITPOINT WARNING * * *
Snorg claws you but does no damage. Snorg barely misses you.
You barely miss Snorg.
Snorg is almost dead.
You miss the basilisk.
Your +0 spectral battleaxe closely misses the basilisk.
Your +0 spectral battleaxe hits Snorg!
You block Snorg's attack. Snorg barely misses you. Snorg claws you.
* * * LOW HITPOINT WARNING * * *
The basilisk gazes at you.
You are slowing down.
As you read the scroll of fear, it crumbles to dust.
You assume a fearsome visage.
Snorg is unaffected.
The basilisk looks frightened!
The komodo dragon looks frightened!
Snorg barely misses you. Snorg claws you!
* * * LOW HITPOINT WARNING * * *
Snorg claws you!
You die...

Skill      XL: |  1  2  3  4  5  6  7  8  9 10 11 12 |
---------------+-------------------------------------+-----
Axes           | 3 4 5 8 9 11 14 16 18 20 | 20.0
Fighting       | 7 8 |  8.3
Armour         | 6 9 11 13 | 13.6
Shields        | |  3.2

Action                     |  1- 3 |  4- 6 |  7- 9 | 10-12 || total
---------------------------+-------+-------+-------+-------++-------
  Melee: War axe           |   113 |    99 |   232 |   225 ||   669
         Punch             |       |       |     2 |     3 ||     5
         Battleaxe         |       |       |       |   140 ||   140
  Evoke: Wand              |       |       |     1 |    13 ||    14
    Use: Scroll            |     2 |    11 |     9 |     7 ||    29
         Potion            |       |     3 |     3 |     5 ||    11
   Stab: Distracted        |       |       |       |     1 ||     1
 Armour: Scale mail        |    59 |    44 |    88 |   137 ||   328
  Dodge: Dodged            |    59 |    48 |    68 |   152 ||   327
  Block: Other             |       |       |       |    26 ||    26

Levels and vault maps discovered:
D:1:      psy_arrival_dodecagon, layout_loops_ring, kennysheep_doodads
D:2:      layout_loops_ring, hellmonk_ecumenical_altar_heavens_door
D:3:      layout_rooms, zin_angel
D:4:      layout_loops_ring, chequers_temple_overflow_statue_of_worship,
          nicolae_vehumet_altar_sigil, kennysheep_nondescript, uniq_eustachio
D:5:      layout_layer_cave, nicolae_overflow_hidden_temple,
          lemuel_flamethrower_2
D:6:      layout_gridville, amcnicky_altar_gilded, lemuel_temple_firewalk_b,
          chequers_serial_rivers_small_3, grunt_ministairs_14,
          minmay_misc_feat_enclosed
D:7:      layout_loops_ring
D:8:      layout_cave_pools, gammafunk_ghost_wrathful_warriors, uniq_joseph,
          uniq_erica
D:9:      layout_roguey
D:10:     layout_basic, kennysheep_mini, erik_lair_orcish_takeover
D:11:     layout_irregular_city, uniq_amaemon
Temple:   minmay_freezing_vapour_temple
Lair:1:   layout_regular_city
Lair:2:   layout_cave_pods, palyth_hydra_swamp_entry
Lair:3:   slaughterhouse, layout_hall_layers, guppyfry_snake_entry_garden,
          chequers_serial_rivers_large_a, uniq_snorg

Notes
Turn   | Place    | Note
-------+----------+-------------------------------------------
     0 | D:1      | demibob the Hill Orc Fighter began the quest for the Orb.
     0 | D:1      | Reached XP level 1. HP: 19/19 MP: 1/1
    40 | D:1      | Reached skill level 3 in Axes
   231 | D:1      | Reached XP level 2. HP: 20/26 MP: 2/2
   314 | D:1      | Reached skill level 4 in Axes
   502 | D:1      | Reached XP level 3. HP: 31/31 MP: 3/3
   842 | D:2      | Reached skill level 5 in Axes
  1138 | D:2      | Reached XP level 4. HP: 38/39 MP: 4/4
  1229 | D:2      | Found a faded altar of an unknown god.
  1826 | D:3      | Reached skill level 6 in Axes
  1868 | D:3      | Found a glowing silver altar of Zin.
  1868 | D:3      | Noticed an angel
  1907 | D:3      | Identified the +2 short sword "Omefor" {drain, rPois Str+8
                  | Int-4 Dex-3}
  2298 | D:4      | Noticed Eustachio
  2323 | D:4      | Killed Eustachio
  2324 | D:4      | Reached skill level 8 in Axes
  2324 | D:4      | Reached XP level 5. HP: 18/45 MP: 5/5
  2324 | D:4      | Reached XP level 6. HP: 20/51 MP: 6/6
  2515 | D:4      | Found an ornate altar of the Wu Jian Council.
  2518 | D:4      | Found a burning altar of Makhleb.
  2538 | D:4      | Found a radiant altar of Vehumet.
  2545 | D:4      | Reached skill level 9 in Axes
  2696 | D:4      | Reached XP level 7. HP: 57/57 MP: 7/7
  2991 | D:5      | Entered Level 5 of the Dungeon
  3089 | D:5      | Reached skill level 10 in Axes
  3254 | D:5      | Reached skill level 11 in Axes
  3417 | D:5      | Reached XP level 8. HP: 64/64 MP: 8/8
  3474 | D:5      | Reached skill level 12 in Axes
  3983 | D:5      | Found a white marble altar of Elyvilon.
  4506 | D:6      | Found a staircase to the Ecumenical Temple.
  4575 | Temple   | Entered the Ecumenical Temple
  4580 | Temple   | Became a worshipper of Qazlal Stormbringer
  4647 | D:6      | Found a sparkling altar of Nemelex Xobeh.
  4763 | D:6      | Reached skill level 13 in Axes
  5339 | D:7      | Reached skill level 14 in Axes
  5430 | D:7      | Reached XP level 9. HP: 70/70 MP: 9/9
  5672 | D:7      | Reached skill level 15 in Axes
  6053 | D:8      | Noticed Erica
  6056 | D:8      | Noticed Joseph
  6072 | D:8      | Killed Erica
  6073 | D:8      | Reached skill level 16 in Axes
  6073 | D:8      | Reached skill level 5 in Fighting
  6073 | D:8      | Reached skill level 4 in Armour
  6084 | D:8      | Killed Joseph
  6085 | D:8      | Reached skill level 5 in Armour
  6318 | D:8      | Reached * piety under Qazlal
  6332 | D:8      | Reached skill level 6 in Fighting
  6372 | D:8      | Noticed a two-headed ogre
  6379 | D:8      | HP: 7/75 [two-headed ogre/+0 giant club (16)]
  6384 | D:8      | Killed a two-headed ogre
  6385 | D:8      | Reached skill level 7 in Fighting
  6385 | D:8      | Reached skill level 6 in Armour
  6385 | D:8      | Reached XP level 10. HP: 10/86 MP: 10/10
  6730 | D:8      | Noticed a moth of wrath
  6731 | D:8      | Noticed garrulousMonolith's ghost (journeyman MiFi)
  6732 | D:8      | Noticed a two-headed ogre
  6733 | D:8      | Found a bloodstained altar of Trog.
  6749 | D:8      | Found a transporter.
  6752 | D:8      | Found a transporter.
  7092 | D:9      | Identified the +1 trident "Worm's Wrath" {flame, rElec
                  | Str+3 Int+6}
  7182 | D:9      | Reached skill level 7 in Armour
  7399 | D:9      | Reached skill level 8 in Fighting
  7693 | D:9      | Noticed a cyclops
  7701 | D:9      | Killed a cyclops
  7702 | D:9      | Reached skill level 8 in Armour
  7853 | D:9      | Noticed a two-headed ogre
  7862 | D:9      | Killed a two-headed ogre
  8023 | D:10     | Entered Level 10 of the Dungeon
  8023 | D:10     | Noticed a gargoyle
  8029 | D:10     | Killed a gargoyle
  8198 | D:10     | Reached skill level 9 in Armour
  8198 | D:10     | Reached XP level 11. HP: 90/92 MP: 11/11
  8325 | D:10     | Reached skill level 17 in Axes
  8325 | D:10     | Reached ** piety under Qazlal
  8459 | D:10     | Found a staircase to the Lair.
  8765 | D:10     | Found a snail-covered altar of Cheibriados.
  9127 | Lair:1   | Entered Level 1 of the Lair of Beasts
  9258 | Lair:1   | Reached skill level 10 in Armour
 10009 | Lair:1   | Reached skill level 18 in Axes
 10365 | Lair:2   | Noticed a seven-headed hydra
 10373 | Lair:2   | Reached skill level 11 in Armour
 10373 | Lair:2   | Killed a 12-headed hydra
 10375 | Lair:2   | Noticed a four-headed hydra
 10382 | Lair:2   | Killed a nine-headed hydra
 10651 | Lair:2   | Reached XP level 12. HP: 103/103 MP: 12/12
 10651 | Lair:2   | Noticed an eight-headed hydra
 10690 | Lair:2   | Reached skill level 12 in Armour
 10692 | Lair:2   | Reached skill level 19 in Axes
 10788 | D:11     | Reached *** piety under Qazlal
 10833 | D:11     | Identified the +1 robe of Pandemonium {rElec rN+ Regen+
                  | Dex-4}
 10850 | D:11     | Noticed a two-headed ogre
 10858 | D:11     | Killed a two-headed ogre
 11422 | D:11     | HP: 8/103 [skeletal warrior/+0 glaive (5)]
 11437 | D:11     | HP: 9/103 [skeletal warrior/+0 glaive (4)]
 11699 | D:11     | Reached skill level 13 in Armour
 11841 | D:11     | Noticed a boulder beetle
 11845 | D:11     | Killed a boulder beetle
 11918 | D:11     | Noticed Amaemon
 12252 | Lair:2   | Reached **** piety under Qazlal
 12253 | Lair:2   | Reached skill level 20 in Axes
 12400 | Lair:2   | Killed a 13-headed hydra
 12590 | Lair:2   | Found a staircase to the Swamp.
 12701 | Lair:3   | Noticed Snorg
 12714 | Lair:3   | HP: 4/103 [Snorg (8)]
 12714 | Lair:3   | Slain by Snorg

Vanquished Creatures
  3 hydras (Lair:2)
  A boulder beetle (D:11)
  3 two-headed ogres
  Erica (D:8)
  3 skeletal warriors (D:11)
  A cyclops (D:9)
  Joseph (D:8)
  3 cane toads (Lair:1)
  A gargoyle (D:10)
  2 komodo dragons (Lair:2)
  A polar bear (Lair:1)
  A hornet (D:8)
  3 blink frogs (Lair:2)
  A shadow (D:10)
  25 yaks
  2 wraiths
  Eustachio (D:4)
  3 steam dragons
  A basilisk (D:11)
  An acid dragon (D:11)
  A swamp worm (Lair:2)
  3 wargs (D:10)
  5 water moccasins
  3 orc warriors
  2 ice beasts
  An ogre (D:5)
  A sky beast (D:6)
  4 wolves (Lair:2)
  9 centaurs
  3 kobold brigands
  2 necrophages
  6 bullfrogs
  4 scorpions
  5 wights (D:10)
  18 killer bees
  2 howler monkeys
  A gnoll bouda (D:5)
  3 hounds
  2 jellies
  7 orc priests
  2 iguanas
  10 orc wizards
  3 gnolls (D:5)
  8 adders
  A shadow imp (D:7)
  A white imp (D:8)
  An ufetubus (D:5)
  5 dart slugs
  34 orcs
  4 endoplasms
  2 giant cockroaches
  7 goblins
  8 hobgoblins
  8 jackals
  4 quokkas
  8 ball pythons
  4 bats
  7 frilled lizards
  14 kobolds
  10 rats
281 creatures vanquished.

Vanquished Creatures (others)
  2 kobolds (D:9)
  5 fungi (Lair:2)
  6 plants (Lair:2)
13 creatures vanquished.

Grand Total: 294 creatures vanquished

Table legend: (Time is in decaauts)
 A = Elapsed time spent in this place.
 B = Non-inter-level travel time spent in this place.
 C = Inter-level travel time spent in this place.
 D = Time resting spent in this place.
 E = Time spent auto-exploring this place.
 F = Levels seen in this place.
 G = Mean time per level.
                   A        B        C        D        E       F      G
               +--------+--------+--------+--------+--------+-----+--------+
         Total |  12618 |  12119 |    499 |   1546 |   8827 |  15 |  841.2 |
       Dungeon |  10303 |   9921 |    382 |   1145 |   7275 |  11 |  936.6 |
        Temple |     10 |      5 |      5 |      0 |      0 |   1 |   10.0 |
          Lair |   2304 |   2193 |    111 |    401 |   1552 |   3 |  768.0 |
               +--------+--------+--------+--------+--------+-----+--------+

Top non-repeatable levels by time:
    D:10: 1591 daAuts
     D:5: 1317 daAuts
  Lair:2: 1176 daAuts
  Lair:1: 1109 daAuts
     D:9: 957 daAuts
     D:7: 910 daAuts
     D:8: 883 daAuts
     D:6: 877 daAuts
     D:1: 811 daAuts
     D:2: 806 daAuts
    D:11: 731 daAuts
     D:3: 719 daAuts
     D:4: 698 daAuts
  Lair:3: 19 daAuts
  Temple: 10 daAuts

Table legend:
 A = Non-vault XP
 B = Vault XP
 C = Vault XP percentage of total XP
 D = Non-vault monster count
 E = Vault monster count
 F = Vault count percentage of total count
                 A         B        C        D         E       F
            +---------+---------+-------+---------+---------+-------
      Total |   24301 |    4484 |  15.6 |     264 |      18 |   6.4
            +---------+---------+-------+---------+---------+-------
        D:1 |      46 |       0 |   0.0 |      29 |       0 |   0.0
        D:2 |      46 |       0 |   0.0 |      21 |       0 |   0.0
        D:3 |      25 |       0 |   0.0 |      14 |       0 |   0.0
        D:4 |     304 |     203 |  40.0 |      19 |       1 |   5.0
        D:5 |     738 |       0 |   0.0 |      29 |       0 |   0.0
        D:6 |     370 |     146 |  28.3 |      10 |       2 |  16.7
        D:7 |    1290 |       0 |   0.0 |      20 |       0 |   0.0
        D:8 |    1542 |    1244 |  44.7 |      14 |       2 |  12.5
        D:9 |    2544 |       0 |   0.0 |      20 |       0 |   0.0
       D:10 |    1704 |     621 |  26.7 |      15 |       8 |  34.8
       D:11 |    6765 |       0 |   0.0 |      33 |       0 |   0.0
     Lair:1 |    4309 |       0 |   0.0 |      19 |       0 |   0.0
     Lair:2 |    4618 |    2270 |  33.0 |      21 |       5 |  19.2
            +---------+---------+-------+---------+---------+-------
